 Dungeon Crawl Stone Soup version 0.31-a0-925-g0a390f2509 (webtiles) character file.

Game seed: 5325785678518957396

1084 DocEon the Basher (level 8, -1/66 HPs)
             Began as an Armataur Fighter on Oct 18, 2023.
             Slain by a gnoll bouda
             ... wielding a +0 whip
              (5 damage)
             ... on level 5 of the Dungeon.
             The game lasted 00:02:56 (4138 turns).

DocEon the Basher (Armataur Fighter)                Turns: 4138, Time: 00:02:57

Health: -1/66      AC:  9    Str: 27    XL:     8   Next: 8%
Magic:  8/8        EV:  7    Int:  9    God:
Gold:   313        SH:  5    Dex: 15    Spells: 7/7 levels left

rFire   . . .        m - +9 mace of Fate {flame, Fragile +Blink Fly Str+3}
rCold   . . .        c - +0 buckler
rNeg    . . .        b - +0 scale mail
rPois   .            e - +0 helmet
rElec   .            p - +0 cloak
rCorr   .            (no gloves)
SInv    .            (no barding)
Will    .....        (no amulet) Stlth
                     h - +6 ring of dexterity
HPRegen 0.31/turn    (no ring)
MPRegen 0.11/turn

%: roll
@: lethally poisoned (-1 -> -12), about to teleport, flying
A: large, rugged brown scales 3, deformed body, armoured tail, roll, long
tongue, awkward tongue
a: Evoke Blink


You were on level 5 of the Dungeon.
You visited 1 branch of the dungeon, and saw 5 of its levels.

You collected 313 gold pieces.

Inventory:

Hand Weapons
 a - a +0 flail
 m - the +9 mace of Fate (weapon) {flame, Fragile +Blink Fly Str+3}
   (You found it on level 2 of the Dungeon)

   Str+3:     It affects your strength (+3).
   Fly:       It grants you flight.
   +Blink:    It lets you blink.
   Fragile:   It will be destroyed if unequipped.
Armour
 b - a +0 scale mail (worn)
 c - a +0 buckler (worn)
 e - a +0 helmet (worn)
 p - a +0 cloak (worn)
Jewellery
 h - a +6 ring of dexterity (left hand)
Wands
 t - a wand of roots (10)
Scrolls
 f - 3 scrolls of teleportation
 i - 2 scrolls of identify
 o - a scroll of blinking
 q - a scroll of vulnerability {unknown}
 r - a scroll of enchant weapon {unknown}
Potions
 d - a potion of might
 g - 3 potions of haste
 j - 2 potions of heal wounds {unknown}
 k - 2 potions of curing
 l - 2 potions of attraction
 n - a potion of brilliance {unknown}
 s - a potion of ambrosia {unknown}


   Skills:
 - Level 2.6 Fighting
 * Level 8.9 Maces & Flails
 - Level 3.6 Armour
 - Level 3.2 Shields


You had 7 spell levels left.
You didn't know any spells.
Your spell library contained the following spells:

 Spells                   Type           Power      Damage    Failure   Level
 Scorch                   Fire           0%         2d5       85%         2
 Static Discharge         Conj/Air       0%         2-2/arc   85%         2
 Airstrike                Air            0%         2d(0-16)  100%        4
 Flame Wave               Conj/Fire      0%         2d4       100%        4
 Summon Lightning Spire   Summ/Air       0%         N/A       100%        4
 Summon Cactus Giant      Summ           0%         N/A       100%        6


Dungeon Overview and Level Annotations

Branches:
Dungeon (5/15)
 Temple: D:4-7

Altars:
Kikubaaqudgha


Innate Abilities, Weirdness & Mutations

You are completely covered in rugged brown scales. (AC +3, +7% HP)
Armour fits poorly on your strangely shaped body.
You have a long armoured tail.
You roll when moving toward enemies. (Rampage)
Your long tongue fully drains potion bottles. (2x potion effects)
Your tongue gives you trouble enunciating. (1.5x scroll delay)


Message History

The puff of flame hits you.
The orc priest miscasts a cantrip.
You barely miss something.
You hear some strange, mumbled words.
Something tries to affect you, but you resist.
As you slowly read the scroll of teleportation, it crumbles to dust.
You feel strangely unstable.
The gnoll hits you from afar with a +0 halberd.
Something hits you.
* * * LOW HITPOINT WARNING * * *
The gnoll barely misses you.
An orc comes into view. It is wielding a +2 whip of venom.
The gnoll barely misses you.
The orc shouts!
You thump something! You burn something.
Reactivating autopickup.
You feel a bit more experienced.
A gnoll comes into view. It is wielding a +0 club.
The gnoll hits you but does no damage.
You are poisoned.
An orc comes into view. It is wielding a +0 club.
The gnoll bouda barks out a call to the hunt!
The gnoll picks up the pace!
The gnoll hits you but does no damage.
You feel sick.
An orc priest comes into view. It is wielding a +0 dagger.
The gnoll attacks as it pursues you! The gnoll hits you but does no damage.
You are more poisoned.
The gnoll bouda hits you with a +0 whip!
* * * LOW HITPOINT WARNING * * *
The gnoll attacks as it pursues you!
The gnoll hits you from afar with a +0 halberd.
* * * LOW HITPOINT WARNING * * *
Things that are here:
a +0 dagger; a +0 robe; a +0 flail
* * * LOW HITPOINT WARNING * * *
You feel very sick.
The gnoll bouda attacks as it pursues you!
The gnoll bouda hits you with a +0 whip.
You die...

...~~≈~≈~.......#
...~~.≈o........##
#g#.~~~≈..........
#...~~~o.#########
#...o≈~~.# #..
#g.†~†≈~##### #..
#J.go≈~~≈≈≈≈# #..
#g.)~≈≈~~≈≈≈≈≈####
#@.~)~≈~~≈≈≈### #
#..)..~~≈≈≈## #
#..)..~##### #
#.........# ...
#.........# ...
#.........# ...
#........... ...
#.........#. ...
#.........+ >.


You could see a gnoll bouda, a jelly, 3 orc priests, 3 gnolls and an orc.

Vanquished Creatures
  Sigmund (D:3)
  A black bear (D:4)
  2 ogres
  A scorpion (D:5)
  An orc priest (D:5)
  Crazy Yiuf (D:3)
  5 hounds
  A sleepcap (D:4)
  An iguana (D:5)
  Terence (D:2)
  3 orc wizards
  Robin (D:2)
  4 adders
  8 gnolls
  3 worms
  2 dart slugs (D:2)
  7 orcs
  4 bats
  5 endoplasms
  7 giant cockroaches
  16 goblins
  10 hobgoblins
  2 jackals (D:1)
  5 quokkas
  10 ball pythons
  4 frilled lizards
  10 kobolds
  4 rats
120 creatures vanquished.

Notes
Turn   | Place    | Note
-------+----------+-------------------------------------------
     0 | D:1      | DocEon the Armataur Fighter began the quest for the Orb.
     0 | D:1      | Reached XP level 1. HP: 19/19 MP: 1/1
    49 | D:1      | Reached skill level 2 in Maces & Flails
   100 | D:1      | Reached XP level 2. HP: 26/26 MP: 2/2
   228 | D:1      | Reached skill level 3 in Maces & Flails
   478 | D:1      | Reached XP level 3. HP: 32/32 MP: 3/3
   873 | D:2      | Noticed Terence
   883 | D:2      | Killed Terence
   884 | D:2      | Reached skill level 4 in Maces & Flails
   884 | D:2      | Reached XP level 4. HP: 19/39 MP: 4/4
  1105 | D:2      | Noticed Robin
  1274 | D:2      | Killed Robin
  1702 | D:2      | Identified the +9 mace of Fate {flame, Fragile +Blink Fly
                  | Str+3}
  1788 | D:2      | Reached XP level 5. HP: 43/44 MP: 5/5
  2012 | D:3      | Reached skill level 5 in Maces & Flails
  2196 | D:3      | Found a faded altar of an unknown god.
  2200 | D:3      | Found an ancient bone altar of Kikubaaqudgha.
  2395 | D:3      | Noticed Sigmund
  2411 | D:3      | Killed Sigmund
  2412 | D:3      | Reached skill level 6 in Maces & Flails
  2412 | D:3      | Reached XP level 6. HP: 43/53 MP: 6/6
  2570 | D:3      | Found a runed translucent door.
  2571 | D:3      | Noticed Crazy Yiuf
  2576 | D:3      | Killed Crazy Yiuf
  2764 | D:4      | Reached skill level 7 in Maces & Flails
  2764 | D:4      | Reached XP level 7. HP: 32/59 MP: 7/7
  3584 | D:4      | Identified the +10 scimitar of Death {freeze, Int+3}
  3832 | D:5      | Entered Level 5 of the Dungeon
  3868 | D:5      | Reached skill level 8 in Maces & Flails
  4120 | D:5      | Reached XP level 8. HP: 50/66 MP: 8/8
  4138 | D:5      | Slain by a gnoll bouda

Illustrated notes

Levels and vault maps discovered:
D:1:      enne_arrival_octagon_isle, layout_basic
D:2:      layout_basic, uniq_robin, uniq_terence
D:3:      layout_rooms, nicolae_overflow_ecumenical_swirl, columned_hall_lemuel,
          kennysheep_generic_room_9, uniq_crazy_yiuf_cottage, uniq_sigmund
D:4:      layout_basic, st_stairs_6
D:5:      layout_basic, serial_rivers, chequers_serial_rivers_small_3,
          chequers_serial_rivers_large_a, chequers_serial_rivers_small_b,
          chequers_serial_rivers_small_b, chequers_serial_rivers_small_b,
          chequers_serial_rivers_micro_e, kennysheep_generic_room_14

Skill      XL: |  1  2  3  4  5  6  7 |
---------------+----------------------+-----
Maces & Flails | 2 3 4 6 7 8 |  8.9
Fighting       | |  2.6
Armour         | |  3.6
Shields        | |  3.2

Action                     |  1- 3 |  4- 6 |  7- 9 || total
---------------------------+-------+-------+-------++-------
  Melee: Flail             |    74 |    81 |       ||   155
         Tailslap          |     7 |     9 |     6 ||    22
         Mace              |       |    55 |    61 ||   116
    Use: Scroll            |       |     6 |     1 ||     7
 Armour: Scale mail        |    46 |   137 |    50 ||   233
  Dodge: Dodged            |    16 |    38 |    17 ||    71
  Block: Buckler           |    12 |    30 |    10 ||    52

Table legend: (Time is in decaauts)
 A = Elapsed time spent in this place.
 B = Non-inter-level travel time spent in this place.
 C = Inter-level travel time spent in this place.
 D = Time resting spent in this place.
 E = Time spent auto-exploring this place.
 F = Levels seen in this place.
 G = Mean time per level.
                   A        B        C        D        E       F      G
               +--------+--------+--------+--------+--------+-----+--------+
         Total |   4186 |   3976 |    210 |    564 |   2707 |   5 |  837.2 |
       Dungeon |   4186 |   3976 |    210 |    564 |   2707 |   5 |  837.2 |
               +--------+--------+--------+--------+--------+-----+--------+

Top non-repeatable levels by time:
     D:2: 1217 daAuts
     D:4: 1193 daAuts
     D:1: 828 daAuts
     D:3: 641 daAuts
     D:5: 306 daAuts
